 Dungeon Crawl Stone Soup version 0.19-a0-1886-gd64a0f0 (webtiles) character file.

89 Morenatsu the Cudgeler (level 4, 0/35 HPs)
             Began as a Demonspawn Chaos Knight on Oct 15, 2016.
             Slain by an adder (1 damage)
             ... on level 3 of the Dungeon.
             The game lasted 00:07:02 (2370 turns).

Morenatsu the Cudgeler (Demonspawn Chaos Knight)    Turns: 2370, Time: 00:07:03

Health: 0/35       AC:  7    Str: 10 (11) XL:     4   Next: 31%
Magic:  4/4        EV: 10    Int: 10 (13) God:
Gold:   169        SH:  0    Dex: 10 (13) Spells: 0 memorised, 3 levels left

rFire  . . .     SeeInvis .     a - +1 mace (chaos)
rCold  . . .     Gourm    +     b - +3 leather armour
rNeg   . . .     Faith    .     (no shield)
rPois  .         Spirit   .     (no helmet)
rElec  .         Dismiss  .     (no cloak)
rCorr  .         Reflect  .     l - +0 pair of gloves
MR     .....     Harm     .     (no boots)
Stlth  +.........               g - amulet of the gourmand
                                (no ring)
                                (no ring)

@: lethally poisoned (0 -> -5), drained
A: talons 1, weak 1
a: no special abilities


You were on level 3 of the Dungeon.
You were very full.

You visited 1 branch of the dungeon, and saw 3 of its levels.

You collected 169 gold pieces.

Inventory:

Hand Weapons
 a - a +1 mace of chaos (weapon)
Armour
 b - a +3 leather armour (worn)
 l - a +0 pair of gloves (worn)
Jewellery
 g - an amulet of the gourmand (around neck)
 q - a cursed ring of teleportation
Scrolls
 i - a scroll of amnesia
 j - a scroll of remove curse
 k - 6 scrolls of identify
 p - a scroll of enchant armour
Comestibles
 c - 2 bread rations
 d - 2 beef jerkies
 f - 2 slices of pizza


   Skills:
 - Level 3.0(1.9) Fighting
 + Level 4.7(3.6) Maces & Flails
 - Level 1.7(0.7) Armour
 - Level 0.8(0.0) Dodging


You had 3 spell levels left.
You didn't know any spells.

Dungeon Overview and Level Annotations

Branches:
Dungeon (3/15)

Altars:


Innate Abilities, Weirdness & Mutations

You have sharp toenails.
You are weak. (Str -2)


Message History

The adder barely misses you. The adder bites you but does no damage.
You miss the adder. The adder closely misses you.
The adder bites you but does no damage. The adder bites you.
The adder closely misses you. The adder bites you but does no damage.
The adder bites you.
You barely miss the adder.
You feel a little less mighty now. The adder barely misses you.
The adder bites you but does no damage. The adder bites you.
The adder bites you but does no damage.
You closely miss the adder. Your kick misses the adder.
You feel sick. The adder closely misses you. The adder misses you.
The adder bites you but does no damage. The adder closely misses you.
The adder bites you.
* * * LOW HITPOINT WARNING * * *
You closely miss the adder. The adder closely misses you. The adder bites you.
* * * LOW HITPOINT WARNING * * *
You are more poisoned.
The adder poisons you!
The adder bites you but does no damage. x3
You barely miss the adder. Your kick misses the adder. The adder bites you.
You die...

###).......# #(###.#####
#########.###(..(.....#
.#......##..###.(......#
###
..................÷....#
..#
..........##............
.>#
..).......#####>..)....#
..#
.........[#####........#
.....
..........##...........#
..###
......)@..##...#.......#
###
......SSS......#.#######
.....[.o..##...#.#
..........##...#.#
..........##.......#
..........###......#
.......>..# #........
#........## #......§.
........#


You could see an orc priest and 3 adders.

Vanquished Creatures
  3 adders
  2 worms (D:2)
  2 dart slugs (D:1)
  2 leopard geckos
  3 orcs (D:3)
  7 bats
  3 giant cockroaches
  7 goblins
  6 hobgoblins
  6 kobolds
  A quokka (D:2)
  A frilled lizard (D:3)
  4 rats
47 creatures vanquished.

Notes
Turn   | Place    | Note
-------+----------+-------------------------------------------
     0 | D:1      | Morenatsu the Demonspawn Chaos Knight began the quest for the Orb.
     0 | D:1      | Reached XP level 1. HP: 18/18 MP: 1/1
   115 | D:1      | Reached skill level 3 in Maces & Flails
   215 | D:1      | XOM: harmless Conj miscast
   264 | D:1      | Gained mutation: You have sharp toenails. [demonic ancestry]
   264 | D:1      | Reached XP level 2. HP: 21/24 MP: 2/2
   316 | D:1      | XOM: divination: detect items
   423 | D:1      | XOM: give mutations
   423 | D:1      | Gained mutation: You are dopey. (Int -2) [Xom's mischief]
   423 | D:1      | Lost mutation: You are dopey. (Int -2) [Xom's mischief]
   494 | D:1      | Gained mutation: Your mind is acute. (Int +2) [potion of mutation]
   494 | D:1      | Gained mutation: You are weak. (Str -2) [potion of mutation]
   494 | D:1      | Gained mutation: You are very weak. (Str -4) [potion of mutation]
   513 | D:1      | XOM: 7-stop teleportation journey
   594 | D:1      | XOM: silly message
   742 | D:2      | XOM: silly message
   751 | D:2      | XOM: smoke on damage
   980 | D:2      | Fell from the grace of Xom
  1237 | D:2      | XOM: 6-stop teleportation journey
  1271 | D:2      | Reached XP level 3. HP: 17/29 MP: 3/3
  1625 | D:2      | XOM: give mutations
  1625 | D:2      | Lost mutation: Your mind is acute. (Int +2) [Xom's mischief]
  1625 | D:2      | Lost mutation: You are very weak. (Str -4) [Xom's mischief]
  1625 | D:2      | Gained mutation: You are dopey. (Int -2) [Xom's mischief]
  1625 | D:2      | Gained mutation: Your body sometimes deteriorates upon taking damage. [Xom's mischief]
  1727 | D:2      | Reached skill level 4 in Maces & Flails
  2079 | D:3      | Reached XP level 4. HP: 32/35 MP: 4/4
  2139 | D:3      | XOM: draining
  2335 | D:3      | Lost mutation: You are dopey. (Int -2) [potion of mutation]
  2335 | D:3      | Lost mutation: Your body sometimes deteriorates upon taking damage. [potion of mutation]
  2369 | D:3      | HP: 1/35 [adder (5)]
  2370 | D:3      | Slain by an adder

Vault maps used:
D:1:      tarquinn_simple_flora_water_f
D:2:      wad_lake_hut, minmay_circled_x
D:3:      first_bread

Skill      XL: |  1  2  3 |
---------------+----------+-----
Maces & Flails | 3 4 |  4.7
Fighting       | |  3.0
Armour         | |  1.7
Dodging        | |  0.8

Action                   |  1- 3 |  4- 6 || total
-------------------------+-------+-------++-------
Melee: Mace              |   117 |    39 ||   156
       Kick              |    24 |     2 ||    26
Invok: Renounce Religion |     1 |       ||     1
  Use: Scroll            |     9 |       ||     9
       Potion            |     6 |     2 ||     8
  Eat: Chunk             |    16 |       ||    16
Armor: Leather armour    |    64 |    25 ||    89
Dodge: Dodged            |   114 |    35 ||   149
